 Dungeon Crawl Stone Soup version 0.23-a0-839-g6d2b917 (console) character file.

674 bli the Slasher (level 7, -17/49 HPs)
             Began as a Barachi Fighter on Jan 25, 2019.
             Was a Follower of Hepliaklqana.
             Demolished by Menkaure (22 damage)
             ... on level 5 of the Dungeon on Jan 26, 2019.
             The game lasted 00:21:58 (3953 turns).

bli the Slasher (Barachi Fighter)                   Turns: 3953, Time: 00:21:59

Health: -17/49     AC:  5    Str: 19    XL:     7   Next: 59%
Magic:  7/7        EV: 10    Int:  8    God:    Hepliaklqana [*.....]
Gold:   273        SH: 10    Dex: 12    Spells: 6/6 levels left

rFire    . . .     SeeInvis .   a - +0 long sword
rCold    . . .     Gourm    .   c - +0 shield
rNeg     + . .     Faith    .   H - +0 leather armour (curse)
rPois    .         Spirit   .   (no helmet)
rElec    .         Reflect  .   (no cloak)
rCorr    .         Harm     .   x - +0 pair of gloves
MR       +....                  (no boots)
Stlth    +.........             (no amulet)
HPRegen  0.16/turn              B - ring of positive energy
MPRegen  0.10/turn              m - ring of protection from magic

@: slow
A: +LOS, swims, reduced essence, slowness 1, strong legs 1
a: Hop, Recall Ancestor, Ancestor Identity, Renounce Religion


You were on level 5 of the Dungeon.
You worshipped Hepliaklqana.
Hepliaklqana was aware of your devotion.
You were not hungry.

You visited 1 branch of the dungeon, and saw 5 of its levels.

You collected 273 gold pieces.

Inventory:

Hand Weapons
 a - a +0 long sword (weapon)
 D - the +9 staff of Wucad Mu {channel}
   (You found it on level 4 of the Dungeon)
Missiles
 h - 8 javelins (quivered)
 l - 232 stones
 n - 9 tomahawks
 C - 47 sling bullets
Armour
 b - a +0 scale mail
 c - a +0 shield (worn)
 i - a +0 ring mail
 x - a +0 pair of gloves (worn)
 H - a cursed +0 leather armour (worn)
Jewellery
 m - a ring of protection from magic (right hand)
 r - an uncursed ring of fire
 y - a +2 ring of protection
 B - a ring of positive energy (left hand)
Wands
 w - a wand of disintegration (15)
Scrolls
 d - a scroll of remove curse
 e - 4 scrolls of teleportation
 j - a scroll of fear
 p - a scroll of fog
 v - a scroll of noise {unknown}
 z - a scroll of enchant weapon {unknown}
 A - 3 scrolls of identify
 I - a scroll of random uselessness {unknown}
Potions
 g - a potion of magic {unknown}
 k - a potion of haste {unknown}
 o - a potion of flight {unknown}
 q - 2 potions of agility {unknown}
 t - 2 potions of lignification {unknown}
 u - 2 potions of brilliance
 F - a potion of ambrosia {unknown}
 G - 2 potions of invisibility {unknown}
Comestibles
 f - 9 rations
 E - 2 chunks of flesh


   Skills:
 + Level 4.5 Fighting
 * Level 6.9 Long Blades
 * Level 5.5 Armour
 + Level 2.0 Dodging
 + Level 5.1 Shields


You had 6 spell levels left.
You didn't know any spells.
Your spell library contained the following spells:

 Spells                   Type           Power        Failure   Level  Hunger
 Summon Small Mammal      Summ           #...         88%         1    ##.....
 Call Imp                 Summ           #.......     95%         2    ###....
 Call Canine Familiar     Summ           #.......     99%         3    ####...
 Summon Guardian Golem    Hex/Summ       #.......     99%         3    ####...
 Summon Ice Beast         Ice/Summ       #.......     100%        4    #####..
 Summon Lightning Spire   Summ/Air       #.......     100%        4    #####..


Dungeon Overview and Level Annotations

Branches:
Dungeon (5/15)             Temple (0/1) D:5

Altars:
Gozag
Hepliaklqana
Makhleb
Okawaru
Trog

Annotations:
D:5 Menkaure


Innate Abilities, Weirdness & Mutations

Shadows flee at your approach. (+LOS)
You can swim through water.
You cover ground slowly.
You can hop short distances.
Your life essence is reduced to manifest your ancestor. (-10% HP)


Message History

Ahmose hits Menkaure.
You completely miss Menkaure.
Menkaure is severely damaged.
Menkaure calls on the powers of darkness!
Your body is wracked with pain!
* * * LOW HITPOINT WARNING * * *
Ahmose closely misses Menkaure.
Menkaure calls on the powers of darkness!
Your body is wracked with pain!
* * * LOW HITPOINT WARNING * * *
Put on which piece of jewellery? (? for menu, Esc to quit)
Okay, then.
Unknown command.
You feel better. Menkaure hits you!
* * * LOW HITPOINT WARNING * * *
Ahmose hits Menkaure but does no damage.
You hit Menkaure but do no damage.
Menkaure is severely damaged.
Menkaure hits you!!
You die...

### ######### ##.##
#.......# ##...##
#.#####.#
###.....###.#####.#
...............##.#
.#......###.##.##.#
.......## #.##.##.#
......## #.##.##.#
....### #....MR.#
###.### ##.#.#@##
#.....# #.....#
#.#.### #..#..#
#.._..# #.....#
###.#.# # ##..#
#.....# ...#
###.#### #.##
.......# ..
.......+ ..
.<.....# >.....##


You could see the friendly Ahmose the ancestor and Menkaure.

Vanquished Creatures
  Eustachio (D:3)
  A phantom (D:4)
  A bullfrog zombie (D:4)
  A hound (D:4)
  An orc wizard (D:5)
  2 iguanas
  5 worker ants
  A hound skeleton (D:4)
  6 adders
  An ooze (D:1)
  3 worms
  A dart slug (D:1)
  2 leopard geckos
  3 orcs
  2 ball pythons
  7 giant cockroaches
  7 goblins
  7 hobgoblins
  8 jackals
  6 kobolds
  2 quokkas (D:4)
  4 bats
  7 frilled lizards
  6 rats
85 creatures vanquished.

Vanquished Creatures (collateral kills)
  A worker ant (D:4)
  A worm (D:5)
  A leopard gecko (D:5)
  An orc (D:5)
4 creatures vanquished.

Grand Total: 89 creatures vanquished

Notes
Turn   | Place    | Note
-------+----------+-------------------------------------------
     0 | D:1      | bli the Barachi Fighter began the quest for the Orb.
     0 | D:1      | Reached XP level 1. HP: 18/18 MP: 1/1
    71 | D:1      | Reached XP level 2. HP: 14/25 MP: 2/2
   460 | D:1      | Reached XP level 3. HP: 30/30 MP: 3/3
   756 | D:1      | Reached skill level 3 in Long Blades
  1047 | D:2      | Reached XP level 4. HP: 26/37 MP: 4/4
  1151 | D:2      | Reached skill level 4 in Long Blades
  1662 | D:3      | Found a burning altar of Makhleb.
  2033 | D:3      | Found a bloodstained altar of Trog.
  2413 | D:4      | Noticed Eustachio
  2418 | D:4      | Noticed a phantom
  2433 | D:3      | Reached XP level 5. HP: 6/42 MP: 5/5
  2741 | D:3      | Killed Eustachio
  2741 | D:3      | Reached skill level 5 in Long Blades
  2741 | D:3      | Reached skill level 1 in Dodging
  2741 | D:3      | Reached XP level 6. HP: 24/48 MP: 6/6
  2900 | D:4      | Killed a phantom
  2940 | D:4      | Reached skill level 5 in Armour
  2989 | D:4      | Found a hazy altar of Hepliaklqana.
  2994 | D:4      | Became a worshipper of Hepliaklqana the Forgotten
  3015 | D:4      | Reached skill level 6 in Long Blades
  3081 | D:4      | Reached XP level 7. HP: 36/49 MP: 7/7
  3144 | D:4      | Found the +9 staff of Wucad Mu {channel}
  3209 | D:4      | Found an iron altar of Okawaru.
  3326 | D:4      | Found an opulent altar of Gozag.
  3415 | D:4      | Reached skill level 5 in Shields
  3551 | D:5      | Entered Level 5 of the Dungeon
  3635 | D:5      | Reached * piety under Hepliaklqana
  3809 | D:5      | Found a staircase to the Ecumenical Temple.
  3892 | D:5      | Found an opulent altar of Gozag.
  3944 | D:5      | Noticed Menkaure
  3953 | D:5      | Demolished by Menkaure

Vault maps used:
D:1:      minmay_arrival_doors, minmay_pentomino_o4
D:3:      nicolae_overflow_crystal_walls, trog_book
D:4:      marbit_many_paths, kennysheep_mini_moat, lemuel_doored_altar,
          serial_column_ruins, column_ruins_circle_small, column_ruins_grid_3,
          column_ruins_grid_1, column_ruins_grid_3, portal_sewer_entry_d,
          first_ration, chequers_serial_rivers_small_a,
          kennysheep_generic_room_11, uniq_eustachio
D:5:      minmay_temple_entry_junction_2,
          nicolae_gozag_cash_rules_everything_around_me, uniq_menkaure

Skill      XL: |  1  2  3  4  5  6  7 |
---------------+----------------------+-----
Fighting       | 4 |  4.5
Armour         | 4 5 |  5.5
Shields        | 4 5 |  5.1
Long Blades    | 3 4 5 6 |  6.9
Dodging        | 1 2 |  2.0

Action                   |  1- 3 |  4- 6 |  7- 9 || total
-------------------------+-------+-------+-------++-------
Melee: Long sword        |   153 |   202 |    73 ||   428
Throw: Javelin           |     9 |    14 |     5 ||    28
 Abil: Hop               |     1 |     2 |       ||     3
  Use: Scroll            |     1 |     8 |       ||     9
       Potion            |       |     2 |     1 ||     3
 Stab: Distracted        |       |       |     1 ||     1
  Eat: Chunk             |     1 |     8 |     3 ||    12
Armor: Scale mail        |    80 |   145 |    28 ||   253
       Ring mail         |    16 |       |       ||    16
       Leather armour    |       |       |     1 ||     1
Dodge: Dodged            |    55 |    80 |    31 ||   166
Block: Shield            |   105 |   148 |    36 ||   289
       Rpst.: Long sword |    13 |    22 |    10 ||    45

Table legend:
 A = Non-vault XP
 B = Vault XP
 C = Vault XP percentage of total XP
 D = Non-vault monster count
 E = Vault monster count
 F = Vault count percentage of total count
                 A         B        C        D         E       F
            +---------+---------+-------+---------+---------+-------
      Total |     723 |     241 |  25.0 |      82 |       7 |   7.9
            +---------+---------+-------+---------+---------+-------
        D:1 |      47 |       9 |  16.1 |      25 |       3 |  10.7
        D:2 |      41 |       0 |   0.0 |      13 |       0 |   0.0
        D:3 |      93 |     203 |  68.6 |      18 |       1 |   5.3
        D:4 |     376 |      29 |   7.2 |      14 |       3 |  17.6
        D:5 |     166 |       0 |   0.0 |      12 |       0 |   0.0
            +---------+---------+-------+---------+---------+-------
